 Dungeon Crawl Stone Soup version 0.27.1-34-g3ba077fa99 (webtiles) character file.

Game seed: 14909591141718574360

451 H0rd4k the Charlatan (level 7, -2/53 HPs)
             Began as a Human Artificer on Jan 25, 2022.
             Slain by Pikel (5 damage)
             ... on level 4 of the Dungeon.
             The game lasted 00:06:59 (5042 turns).

H0rd4k the Charlatan (Human Artificer)              Turns: 5042, Time: 00:07:00

Health: -2/53      AC:  3    Str: 15    XL:     7   Next: 25%
Magic:  7/7        EV: 12    Int: 11    God:
Gold:   96         SH:  0    Dex: 13    Spells: 6/6 levels left

rFire    . . .     SeeInvis .   f - +1 dagger (drain)
rCold    . . .     Faith    .   (no shield)
rNeg     . . .     Spirit   .   b - +0 leather armour
rPois    .         Reflect  .   (no helmet)
rElec    .         Harm     .   (no cloak)
rCorr    .         Rampage  .   (no gloves)
Will     .....                  (no boots)
Stlth    +.........             (no amulet)
HPRegen  0.17/turn              (no ring)
MPRegen  0.10/turn              (no ring)

@: no status effects
A: no striking features
a: no special abilities


You were on level 4 of the Dungeon.
You visited 1 branch of the dungeon, and saw 4 of its levels.
You also visited: Sewer.

You collected 96 gold pieces.

Inventory:

Hand Weapons
 a - a +0 club
 f - a +1 dagger of draining (weapon)
Armour
 b - a +0 leather armour (worn)
Jewellery
 j - a ring of poison resistance
Wands
 c - a wand of flame (6) (quivered)
 d - a wand of charming (12)
Scrolls
 g - 3 scrolls of noise {unknown}
 l - 2 scrolls of vulnerability {unknown}
 o - 3 scrolls of enchant weapon {unknown}
 s - a scroll of amnesia {unknown}
 t - 3 scrolls of summoning {unknown}
 u - 2 scrolls of fog {unknown}
 v - a scroll of fear {unknown}
Potions
 h - 2 potions of curing
 i - 3 potions of invisibility {unknown}
 k - a potion of berserk rage {unknown}
 m - 3 potions of flight {unknown}
 n - a potion of brilliance {unknown}
 p - 6 potions of haste {unknown}
 q - a potion of magic {unknown}
 r - 3 potions of cancellation {unknown}
Miscellaneous
 e - a piece from Xom's chessboard (15/15)


   Skills:
 + Level 3.7 Fighting
 + Level 3.6 Short Blades
 - Level 2.0 Armour
 + Level 3.3 Dodging
 - Level 1.0 Stealth
 + Level 4.2 Evocations


You had 6 spell levels left.
You didn't know any spells.
Your spell library was empty.

Dungeon Overview and Level Annotations

Branches:
Dungeon (4/15)              Sewer (visited)
 Temple: D:4-7

Altars:
Hepliaklqana

Annotations:
D:4 Pikel


Message History

Pikel is severely wounded.
Pikel hits you with a +0 whip of freezing!
Pikel freezes you.
You hit Pikel but do no damage.
Pikel is severely wounded.
You closely miss Pikel.
Pikel is severely wounded.
Pikel hits you with a +0 whip of freezing.
Pikel freezes you.
You closely miss Pikel.
Pikel is severely wounded.
Pikel hits you but does no damage.
You closely miss Pikel.
Pikel is severely wounded.
Pikel hits you with a +0 whip of freezing!
Pikel freezes you.
You hit Pikel.
Pikel is severely wounded.
Pikel hits you with a +0 whip of freezing!
Pikel freezes you.
* * * LOW HITPOINT WARNING * * *
You hit Pikel but do no damage. You drain Pikel.
Pikel is almost dead.
Pikel hits you with a +0 whip of freezing!
* * * LOW HITPOINT WARNING * * *
Pikel freezes you.
* * * LOW HITPOINT WARNING * * *
Aiming: Throw Flame
Press: ? - help, Shift-Dir - straight line, f/p - Pikel
Aim: Pikel, wielding a +0 whip of freezing and wearing a +0 robe (almost dead, lightly drained, 67% to hit)
The puff of flame hits Pikel.
Pikel is almost dead.
Pikel barely misses you.
Unknown command.
Aiming: Throw Flame
Press: ? - help, Shift-Dir - straight line, f/p - Pikel
Aim: Pikel, wielding a +0 whip of freezing and wearing a +0 robe (almost dead, lightly drained, 67% to hit)
The puff of flame misses Pikel.
Pikel hits you with a +0 whip of freezing.
You die...

##### #...###########
##.............###
#.....######.....#
#......<.....@...#
#.....#......K...#
####.....######.....#
(........# ......#
#.######.# ##?....#
#.# #.# ......# #.#
#.. #...$.# #.# ####
##..... #.#


You could see Pikel (drained).

Vanquished Creatures
  A bullfrog (Sewer)
  A bullfrog zombie (D:3)
  A hound (D:3)
  An iguana (D:3)
  4 gnolls (D:3)
  4 adders
  5 river rats (Sewer)
  2 worms (D:2)
  4 dart slugs
  5 orcs (D:3)
  20 ball pythons
  3 endoplasms (D:3)
  3 giant cockroaches
  8 goblins
  2 hobgoblins
  6 quokkas
  A bat (D:2)
  3 frilled lizards
  9 kobolds
  30 rats
113 creatures vanquished.

Vanquished Creatures (collateral kills)
  A black bear (D:4)
  3 adders (Sewer)
  An endoplasm (Sewer)
  A ball python (Sewer)
  A frilled lizard (Sewer)
7 creatures vanquished.

Vanquished Creatures (others)
  A bullfrog (Sewer)
1 creature vanquished.

Grand Total: 121 creatures vanquished

Notes
Turn   | Place    | Note
-------+----------+-------------------------------------------
     0 | D:1      | H0rd4k the Human Artificer began the quest for the Orb.
     0 | D:1      | Reached XP level 1. HP: 15/15 MP: 1/1
   167 | D:1      | Reached XP level 2. HP: 11/21 MP: 2/2
   952 | D:1      | Reached XP level 3. HP: 25/26 MP: 3/3
  1352 | D:1      | Reached skill level 4 in Evocations
  2002 | D:2      | Reached XP level 4. HP: 29/32 MP: 4/4
  2094 | D:2      | Reached skill level 1 in Short Blades
  2698 | D:3      | Reached XP level 5. HP: 24/38 MP: 5/5
  3100 | D:3      | Found a hazy altar of Hepliaklqana.
  3321 | D:3      | Reached XP level 6. HP: 43/46 MP: 6/6
  3321 | D:3      | Found a glowing drain.
  3330 | Sewer    | Entered a sewer
  4495 | D:3      | Reached XP level 7. HP: 33/52 MP: 7/7
  4941 | D:4      | Noticed Pikel
  5042 | D:4      | Slain by Pikel

Illustrated notes

Levels and vault maps discovered:
D:1:      onia_arrival_handbag, layout_loops_ring
D:2:      layout_loops_ring
D:3:      layout_basic, nzn_hepliaklqana_mist_gate, portal_sewer_entry_d,
          dk_vineyard_3
D:4:      layout_basic, serial_shops, nicolae_shop_crystal, uniq_pikel

Skill      XL: |  1  2  3  4  5  6 |
---------------+-------------------+-----
Evocations     | 4 |  4.2
Short Blades   | 1 2 3 |  3.6
Dodging        | 2 3 |  3.3
Fighting       | 2 3 |  3.7
Armour         | |  2.0
Stealth        | |  1.0

Action                   |  1- 3 |  4- 6 |  7- 9 || total
-------------------------+-------+-------+-------++-------
Melee: Dagger            |   102 |   320 |    41 ||   463
       Club              |     5 |       |       ||     5
Evoke: Wand              |     1 |     1 |    10 ||    12
  Use: Potion            |       |     2 |       ||     2
 Stab: Sleeping          |     1 |     3 |       ||     4
Armor: Leather armour    |    26 |    72 |     2 ||   100
Dodge: Dodged            |    47 |   201 |    16 ||   264
